AoeStats
← [KMNB] Bandeira

Pilgrims

508246438Analyzed
2v2 RM · 12d ago on Sep 21, 2026· 34m 15s· 4 players
Game mode
Random Map
Map size
Medium (4 player)
Population
200
Speed
Normal
Resources
Standard
Victory
Conquest
Starting age
Dark Age
Ending age
Imperial Age
RankedLock teamsTeams togetherTeam positionsShared explorationLock speedFull tech treeHidden civsTurbo modeCheats
Victory
Defeat
🇺🇸 Mongols · United States
1377
+20
🇨🇦 Italians · Canada
1368
+20
🇧🇷 Georgians · Brazil
1499
-21
🇧🇷 Italians · Brazil
1428
-19
mhn30
4:56 Loom
10:19 Feudal Age
11:28 Double-Bit Axe
26:12 Castle Age
25:10 Fishing Lines
30:28 Imperial Age
30:37 Bow Saw
32:58 Conscription
34:31 Fletching
34:41 Padded Archer Armor
RedMess
5:21 Loom
10:36 Feudal Age
14:41 Castle Age
16:55 Fletching
17:58 Bodkin Arrow
19:52 Ballistics
20:02 Double-Bit Axe
26:37 Bow Saw
30:55 Wheelbarrow
30:35 Padded Archer Armor
31:31 Leather Archer Armor
32:24 Town Watch
[KMNB] Bandeira
9:59 Loom
12:10 Feudal Age
14:40 Fletching
23:05 Castle Age
28:51 Double-Bit Axe
28:57 Gold Mining
31:16 Horse Collar
32:17 Wheelbarrow
33:20 Heavy Plow
34:28 Bloodlines
[KMNB] Dedão
9:23 Feudal Age
7:39 Loom
10:36 Town Watch
16:43 Castle Age
16:53 Double-Bit Axe
18:22 Fletching
21:14 Bodkin Arrow
27:51 Ballistics
28:33 Wheelbarrow
33:15 Imperial Age
31:58 Padded Archer Armor
32:41 Stone Mining
32:44 Gold Mining
34:02 Bracer
Connection lost

Rejoining the realm…

Still unreachable

The connection could not be restored.

Session expired

The server has moved on; the page needs a fresh start.